 Dungeon Crawl Stone Soup version 0.31-a0-557-g6e16503903 (webtiles) character file.

Game seed: 10322921949096613515

111 Arcadio the Trooper (level 5, 0/43 HPs)
             Began as a Formicid Fighter on Aug 16, 2023.
             Slain by an iguana (11 damage)
             ... on level 3 of the Dungeon.
             The game lasted 00:03:32 (1695 turns).

Arcadio the Trooper (Formicid Fighter)              Turns: 1695, Time: 00:03:33

Health: 0/43       AC:  7    Str: 22    XL:     5   Next: 15%
Magic:  5/5        EV:  9    Int:  8    God:
Gold:   97         SH:  5    Dex: 13    Spells: 4/4 levels left

rFire   . . .        a - +0 war axe
rCold   . . .        c - +0 buckler
rNeg    . . .        b - +0 scale mail
rPois   .            (helmet unavailable)
rElec   .            (cloak currently unavailable)
rCorr   .            (gloves currently unavailable)
SInv    +            (boots currently unavailable)
Will    .....        (no amulet) Stlth
                     (no ring)
HPRegen 0.27/turn    (no ring)
MPRegen 0.09/turn

%: no passive effects
@: beast-form
A: beast (slay +0), permanent stasis, dig shafts and tunnels, antennae 3, four
strong arms
a: Dig, Shaft Self, Begin Untransformation


You were on level 3 of the Dungeon.
You were a hulking beast.
You visited 1 branch of the dungeon, and saw 3 of its levels.

You collected 97 gold pieces.

Inventory:

Hand Weapons
 a - a +0 war axe (weapon)
Armour
 b - a +0 scale mail (worn)
 c - a +0 buckler (worn)
Jewellery
 m - a ring of flight
Talismans
 h - a beast talisman (active)
Scrolls
 e - a scroll of blinking {unknown}
 g - a scroll of acquirement {unknown}
 j - a scroll of fog {unknown}
 k - a scroll of teleportation {unknown}
 l - a scroll of summoning {unknown}
 n - 3 scrolls of identify {unknown}
 o - a scroll of poison {unknown}
 p - a scroll of immolation {unknown}
Potions
 d - 2 potions of might
 f - 2 potions of heal wounds {unknown}
 i - a potion of cancellation {unknown}


   Skills:
 + Level 4.4 Fighting
 + Level 3.2 Axes
 + Level 4.3 Armour
 - Level 4.0 Shields


You had 4 spell levels left.
You didn't know any spells.
Your spell library contained the following spells:

 Spells                   Type           Power      Damage    Failure   Level
 Magic Dart               Conj           0%         1d3       80%         1
 Summon Small Mammal      Summ           0%         N/A       80%         1
 Searing Ray              Conj           0%         2d4       90%         2
 Call Canine Familiar     Summ           0%         N/A       99%         3
 Ignite Poison            Fire/Tmut/Pois 0%         N/A       99%         3
 Summon Guardian Golem    Hex/Summ       0%         N/A       99%         3
 Fulminant Prism          Conj/Hex       0%         3d5       100%        4
 Sticky Flame             Conj/Fire      0%         2d3       100%        4
 Ignition                 Fire           0%         3d3       100%        8


Dungeon Overview and Level Annotations

Branches:
Dungeon (3/15) Zot: 16253

Altars:

Shops:
D:1 *(?*[


Innate Abilities, Weirdness & Mutations

You are a hulking beast.
Your limbs bulge with bestial killing power. (Slay +0)
You cannot be hasted, slowed, berserked, paralysed or teleported.
You can dig through walls and to a lower floor.
You have a pair of large antennae on your head. (SInv)
Your four strong arms can wield two-handed weapons with a shield.


Message History

The adder is heavily wounded.
You block the adder's attack. The adder closely misses you.
You barely miss the adder.
The adder is heavily wounded.
The adder bites you but does no damage.
You slash the adder!
You kill the adder!
A giant cockroach comes into view.
The giant cockroach bites you.
You barely miss the giant cockroach.
The giant cockroach bites you but does no damage.
You hit the giant cockroach.
The giant cockroach is severely wounded.
The giant cockroach bites you but does no damage.
The giant cockroach bites you.
You slash the giant cockroach!
You kill the giant cockroach!
n - 3 scrolls labelled HEQ FUUGEBBUEXIAXT (gained 1)
An endoplasm comes into view.
The endoplasm quivers.
The endoplasm freezes you.
You are frozen.
You slash the endoplasm!
You kill the endoplasm!
p - a scroll labelled EMYRGH COELL You sense a monster nearby.
A frilled lizard and an iguana come into view.
The frilled lizard hisses angrily.
The iguana hisses angrily.
The iguana bites you!
You hit the iguana.
The iguana is moderately wounded.
The iguana bites you!
You barely miss the iguana.
The iguana is moderately wounded.
You closely miss the frilled lizard. The frilled lizard barely misses you.
The iguana hisses menacingly.
The iguana barely misses you. The iguana bites you!
The frilled lizard bites you but does no damage.
The iguana attacks as you move away! The iguana bites you!
You die...

#.# #....#
#....# #.#
#....# #....#
#.#
#....###....#
#.#
#......)†....
#.#
#.....##†....
#.#
#.....##....#
#.#
#...........#
#.#
########....#
#h# #.....
#....ll....#
#.###.
#..........#
#.# #
#.............
...
#.....>....###
#..........#
#..........#
############


You could see an iguana and a frilled lizard.

Vanquished Creatures
  An orc priest (D:3)
  2 adders (D:3)
  A worm (D:3)
  2 dart slugs (D:1)
  4 orcs (D:3)
  4 endoplasms
  3 giant cockroaches
  3 goblins
  4 hobgoblins
  2 quokkas (D:1)
  4 ball pythons
  8 bats
  A frilled lizard (D:2)
  6 kobolds
  8 rats
53 creatures vanquished.

Notes
Turn   | Place    | Note
-------+----------+-------------------------------------------
     0 | D:1      | Arcadio the Formicid Fighter began the quest for the Orb.
     0 | D:1      | Reached XP level 1. HP: 18/18 MP: 1/1
    52 | D:1      | Found Ehypiett's Magic Scroll Shop.
   134 | D:1      | Reached XP level 2. HP: 21/24 MP: 2/2
   238 | D:1      | Reached XP level 3. HP: 30/30 MP: 3/3
   334 | D:1      | Found Pavyc's Antique Armour Emporium.
   375 | D:1      | Found Bej Ohe's General Store.
   568 | D:1      | Found Gaipoeg's Weapon Shoppe.
   597 | D:1      | Found Raysuab's Assorted Antiques.
  1440 | D:3      | Reached XP level 4. HP: 33/37 MP: 4/4
  1553 | D:3      | Reached XP level 5. HP: 39/43 MP: 5/5
  1695 | D:3      | Slain by an iguana

Illustrated notes

Levels and vault maps discovered:
D:1:      minmay_arrival_nine_rooms, layout_loops_ring, serial_shops,
          nicolae_shop_tiny_glass, nicolae_shop_peninsula, nicolae_square_shop,
          nicolae_shop_statue_plus, shop,
          nicolae_concentric_dashed_squares_mild,
          chequers_serial_rivers_micro_c, minivault_19, minmay_octomino_e4
D:2:      layout_loops_ring
D:3:      layout_rooms, nicolae_ecumenical_pavilion

Skill      XL: |  1  2  3  4 |
---------------+-------------+-----
Fighting       | 4 |  4.4
Armour         | 4 |  4.3
Axes           | 3 |  3.2
Shields        | |  4.0

Action                     |  1- 3 |  4- 6 || total
---------------------------+-------+-------++-------
  Melee: War axe           |    95 |    40 ||   135
 Armour: Scale mail        |    44 |    23 ||    67
  Dodge: Dodged            |    49 |    21 ||    70
  Block: Buckler           |    28 |     9 ||    37
   Form: Beast             |     1 |       ||     1

Table legend: (Time is in decaauts)
 A = Elapsed time spent in this place.
 B = Non-inter-level travel time spent in this place.
 C = Inter-level travel time spent in this place.
 D = Time resting spent in this place.
 E = Time spent auto-exploring this place.
 F = Levels seen in this place.
 G = Mean time per level.
                   A        B        C        D        E       F      G
               +--------+--------+--------+--------+--------+-----+--------+
         Total |   1746 |   1692 |     54 |      0 |   1259 |   3 |  582.0 |
       Dungeon |   1746 |   1692 |     54 |      0 |   1259 |   3 |  582.0 |
               +--------+--------+--------+--------+--------+-----+--------+

Top non-repeatable levels by time:
     D:2: 712 daAuts
     D:1: 695 daAuts
     D:3: 338 daAuts
